 Dungeon Crawl Stone Soup version 0.31.0 (webtiles) character file.

Game seed: 7218816471142328568

1773568 Flugkiller the Messiah (level 25, 257/257 HPs)
             Began as a Hill Orc Reaver on Jan 19, 2024.
             Was the Champion of Beogh.
             Escaped with the Orb
             ... and 3 runes on Jan 20, 2024!
             The game lasted 01:49:56 (56743 turns).

Flugkiller the Messiah (Hill Orc Reaver)           Turns: 56743, Time: 01:49:56

Health: 257/257    AC: 47    Str: 28    XL:     25   Next: 33%
Magic:  40/40      EV: 13    Int: 16    God:    Beogh [******]
Gold:   3677       SH: 21    Dex: 21    Spells: 27/27 levels left

rFire   + + +        a - +4 broad axe (spect)
rCold   + + .        l - +0 tower shield {rC+}
rNeg    + . .        v - +8 gold dragon scales
rPois   +            e - +2 helmet
rElec   +            g - +2 cloak {rF+}
rCorr   .            U - +2 pair of gloves of Wokkoebb {rN+ Str+5}
SInv    .            I - +3 pair of seven-league boots {Rampage+∞}
Will    +++..        W - amulet of guardian spirit Stlth
                     N - ring "Dyehik" {^Drain rElec rF+ Will+ Int+5}
HPRegen 0.62/turn    m - ring of Tvzc {rF+ Will+ Str+2 Slay+5}
MPRegen 0.27/turn

%: guardian spirit, rampage+∞
@: studying 3 skills
A: walk on water, agile 2, evolution 2
0: Orb of Zot
}: 3/15 runes: serpentine, barnacled, silver
a: Renounce Religion, Smiting, Recall Orcish Followers, Give Item to Named
Follower, Resurrection


You escaped.
You worshipped Beogh.
Beogh was exalted by your worship.
You visited 9 branches of the dungeon, and saw 45 of its levels.
You visited 1 bazaar.
You also visited: Bailey, Gauntlet, Ice Cave, Volcano and Wizlab.

You collected 7608 gold pieces.
You spent 3931 gold pieces at shops.

Inventory:

Hand Weapons
 a - a +4 spectral broad axe (weapon)
   (You found it in a wizard's laboratory)
Missiles
 F - 6 throwing nets
 Z - 7 curare-tipped darts (quivered)
Armour
 e - a +2 helmet (worn)
   (You found it on level 2 of the Dungeon)
 g - a +2 cloak of fire resistance (worn)
   (You found it in a volcano)
 l - a +0 tower shield of cold resistance (worn)
   (You found it in an ice cave)
 v - +8 gold dragon scales (worn)
   (You took it off Parghit on level 1 of the Realm of Zot)
 I - the +3 pair of seven-league boots (worn) {Rampage+∞}
   (You bought it in a shop in a bazaar)

   Rampage+∞: When moving toward enemies, its wearer moves as far as possible,
   alerting their target en route.
 U - the +2 pair of gloves of Wokkoebb (worn) {rN+ Str+5}
   (You bought it in a shop in a bazaar)

   Str+5:     It affects your strength (+5).
   rN+:       It protects you from negative energy.
Jewellery
 c - a ring of protection from cold
   (You found it in an ice cave)
 i - a ring of see invisible
   (You took it off a draconian stormcaller on level 3 of the Realm of Zot)
 m - the ring of Tvzc (right hand) {rF+ Will+ Str+2 Slay+5}
   (You bought it in a shop on level 3 of the Shoals)

   [ring of willpower]

   Str+2:     It affects your strength (+2).
   Slay+5:    It affects your accuracy & damage with ranged weapons and melee
   (+5).
   rF+:       It protects you from fire.
   Will+:     It increases your willpower.
 o - a ring of poison resistance
   (You found it on level 10 of the Dungeon)
 p - a ring of protection from fire
   (You took it off a minotaur in a Gauntlet)
 N - the ring "Dyehik" (left hand) {^Drain rElec rF+ Will+ Int+5}
   (You bought it in a shop on level 3 of the Shoals)

   [ring of willpower]

   Int+5:     It affects your intelligence (+5).
   rF+:       It protects you from fire.
   rElec:     It insulates you from electricity.
   Will+:     It increases your willpower.
   ^Drain:    It drains your maximum health when unequipped.
 W - an amulet of guardian spirit (around neck)
   (You found it on level 5 of the Dungeon)
 X - the ring "Eraann" {rF+ Int+6 Dex+3 SInv}
   (You took it off a deep elf annihilator on level 3 of the Depths)

   [ring of intelligence]

   Int+6:     It affects your intelligence (+6).
   Dex+3:     It affects your dexterity (+3).
   rF+:       It protects you from fire.
   SInv:      It lets you see invisible.
Wands
 B - a wand of acid (21)
   (You found it on level 6 of the Dungeon)
 D - a wand of iceblast (45)
   (You found it on level 5 of the Dungeon)
 Q - a wand of digging (18)
   (You found it on level 10 of the Dungeon)
 S - a wand of paralysis (32)
   (You found it on level 15 of the Dungeon)
 V - a wand of mindburst (66)
   (You found it on level 9 of the Dungeon)
Scrolls
 k - 9 scrolls of fog
 r - 13 scrolls of identify
 t - 13 scrolls of teleportation
 u - 5 scrolls of immolation
 x - 5 scrolls of vulnerability
 y - a scroll of silence
 z - 5 scrolls of blinking
 A - 2 scrolls of butterflies
 L - 14 scrolls of poison
 O - 6 scrolls of fear
Potions
 d - 5 potions of might
 h - 3 potions of haste
 n - 5 potions of resistance
 q - 7 potions of curing
 w - 5 potions of heal wounds
 C - 5 potions of cancellation
 E - 10 potions of enlightenment
 J - 2 potions of invisibility
 K - 12 potions of attraction
 P - 3 potions of mutation
 R - 10 potions of ambrosia
 Y - 5 potions of berserk rage
Miscellaneous
 f - a phial of floods
   (You found it in a Gauntlet)
 j - a lightning rod (4/4)
   (You found it on level 4 of the Shoals)
 G - a phantom mirror
   (You found it on level 4 of the Shoals)
 H - a condenser vane
   (You found it in a Gauntlet)
 M - a sack of spiders
   (You found it on level 8 of the Dungeon)


   Skills:
 O Level 27 Fighting
 - Level 18.0 Axes
 + Level 19.3 Armour
 - Level 14.0 Dodging
 + Level 16.6 Shields
 - Level 1.5 Spellcasting
 - Level 3.0 Conjurations
 O Level 27 Invocations
 + Level 15.3 Evocations


You had 27 spell levels left.
You didn't know any spells.
Your spell library contained the following spells:

 Spells                   Type           Power      Damage    Failure   Level
 Magic Dart               Conj           40%        1d5       83%         1
 Searing Ray              Conj           20%        2d5       93%         2
 Kiss of Death            Conj/Necr      24%        2d7       96%         1
 Sting                    Conj/Alch      24%        1d4       96%         1
 Freeze                   Ice            4%         1d3       99%         1
 Sandblast                Erth           2%         2d4       99%         1
 Summon Small Mammal      Summ           4%         N/A       99%         1
 Momentum Strike          Conj/Tloc      12%        3d8       99%         2
 Blink                    Tloc           2%         N/A       100%        2
 Cigotuvi's Dreadful Rot  Necr/Alch/Air  2%         N/A       100%        2
 Ensorcelled Hibernation  Hex/Ice        2%         N/A       100%        2
 Lesser Beckoning         Tloc           2%         N/A       100%        2
 Mercury Vapours          Alch/Air       2%         N/A       100%        2
 Sublimation of Blood     Necr           1%         N/A       100%        2
 Call Canine Familiar     Summ           1%         N/A       100%        3
 Dazzling Flash           Conj/Hex       12%        N/A       100%        3
 Frozen Ramparts          Ice            2%         1d1       100%        3
 Fugue of the Fallen      Necr           1%         N/A       100%        3
 Gell's Gravitas          Tloc           1%         N/A       100%        3
 Hailstorm                Conj/Ice       6%         3d5       100%        3
 Inner Flame              Hex/Fire       1%         N/A       100%        3
 Mephitic Cloud           Conj/Alch/Air  4%         N/A       100%        3
 Ozocubu's Armour         Ice            1%         N/A       100%        3
 Passwall                 Erth           1%         N/A       100%        3
 Sigil of Binding         Hex            1%         N/A       100%        3
 Stone Arrow              Conj/Erth      12%        3d7       100%        3
 Summon Ice Beast         Ice/Summ       1%         N/A       100%        3
 Teleport Other           Tloc           1%         N/A       100%        3
 Tukima's Dance           Hex            1%         N/A       100%        3
 Anguish                  Hex/Necr       0%         N/A       100%        4
 Animate Armour           Summ/Erth      2%         N/A       100%        4
 Brom's Barrelling Bould  Conj/Erth      6%         2d3       100%        4
 Dimensional Bullseye     Hex/Tloc       0%         N/A       100%        4
 Fulminant Prism          Conj/Alch      3%         3d5       100%        4
 Ignite Poison            Fire/Alch      1%         N/A       100%        4
 Iskenderun's Mystic Bla  Conj/Tloc      6%         2d4       100%        4
 Leda's Liquefaction      Alch/Erth      0%         N/A       100%        4
 Manifold Assault         Tloc           1%         N/A       100%        4
 Martyr's Knell           Necr/Summ      1%         N/A       100%        4
 Olgreb's Toxic Radiance  Alch           1%         N/A       100%        4
 Passage of Golubria      Tloc           1%         N/A       100%        4
 Petrify                  Alch/Erth      1%         N/A       100%        4
 Sticky Flame             Fire/Alch      1%         2d4       100%        4
 Summon Blazeheart Golem  Fire/Summ      1%         N/A       100%        4
 Curse of Agony           Necr           1%         N/A       100%        5
 Fireball                 Conj/Fire      3%         3d4       100%        5
 Freezing Cloud           Conj/Ice/Air   2%         6-21      100%        5
 Irradiate                Conj/Alch      3%         3d12      100%        5
 Iskenderun's Battlesphe  Conj           10%        2d6       100%        5
 Metabolic Englaciation   Hex/Ice        0%         N/A       100%        5
 Silence                  Hex/Air        0%         N/A       100%        5
 Summon Forest            Summ/Tloc      0%         N/A       100%        5
 Summon Mana Viper        Hex/Summ       1%         N/A       100%        5
 Yara's Violent Unravell  Hex/Alch       0%         3d3       100%        5
 Bombard                  Conj/Erth      3%         9d1       100%        6
 Conjure Ball Lightning   Conj/Air       3%         3x3d6     100%        6
 Death Channel            Necr           0%         N/A       100%        6
 Dispersal                Tloc           0%         N/A       100%        6
 Eringya's Noxious Bog    Alch           0%         4d6       100%        6
 Sculpt Simulacrum        Ice/Alch       0%         N/A       100%        6
 Summon Cactus Giant      Summ           0%         N/A       100%        6
 Orb of Destruction       Conj           5%         9d5       100%        7
 Spellforged Servitor     Conj/Summ      3%         N/A       100%        7
 Summon Hydra             Summ           0%         N/A       100%        7
 Ignition                 Fire           0%         3d3       100%        8
 Infestation              Necr           0%         N/A       100%        8
 Lehudib's Crystal Spear  Conj/Erth      3%         10d2      100%        8


Dungeon Overview and Level Annotations

Branches:
Dungeon (15/15)            Temple (1/1) D:4            Lair (5/5) D:10
 Shoals (4/4) Lair:3        Snake (4/4) Lair:3        Slime (0/5) Lair:4
    Orc (2/2) D:12            Elf (0/3) Orc:2        Vaults (5/5) D:14
  Crypt (0/3) Vaults:3     Depths (4/4) D:15            Zot (5/5) Depths:4
 Bailey (visited)           IceCv (visited)         Volcano (visited)
 WizLab (visited)         Gauntlet (visited)

Altars:
Ashenzari
Cheibriados
Dithmenos
Elyvilon
Fedhas
Gozag
Hepliaklqana
Kikubaaqudgha
Makhleb
Nemelex Xobeh
Okawaru
Qazlal
Ru
Sif Muna
Trog
Uskayaw
Vehumet
Wu Jian
Xom
Yredelemnul
Zin
The Shining One
Lugonu

Shops:
D:4 (   D:6 *   D:7 (:?   D:10 (   D:12 [   Orc:2 [*:[   Shoals:3 [=
Snake:1 [:!(   Vaults:1 ?   Vaults:2 =   Vaults:4 (   Depths:1 [=::[
Depths:4 ?

Portals:
Hell: Depths:1 Depths:2 Depths:3 Depths:4
Abyss: Depths:3 Depths:4
Pandemonium: Depths:2
Ziggurat: Depths:3
Trove: D:11 (give 8 potions of haste)

Annotations:
D:4 Eustachio
Zot:2 2 transporters
Zot:5 6 transporters, exclusions: orange crystal statue and 1 more exclusion


Innate Abilities, Weirdness & Mutations

You can walk on water.
You are very agile. (Dex +8, Str/Int -2)
You have great hidden genetic potential.


Message History

The green death gestures at you.
The bolt of poison hits you but does no damage.
You resist. The green death gestures at you. The poison arrow hits you!
You are poisoned.
You partially resist.
There is a stone staircase leading up here.
You feel very sick.
You climb upwards.
You feel very sick.
There is a stone staircase leading down here.
What level of the Dungeon? (default 1, ? - help)
You feel sick.
You feel sick.
You feel sick.
Magic restored.
You feel sick.
You feel sick.
You feel sick.
You feel sick.
You are no longer poisoned.
You see here a +0 falchion.
There is a stone staircase leading up here.
You climb upwards.
There is a stone staircase leading down here.
You see here a +0 orcbow.
There is a stone staircase leading up here.
You climb upwards.
There is a stone staircase leading down here.
Things that are here:
a +0 robe; a +3 morningstar of freezing
There is a stone staircase leading up, spattered with blood here.
You climb upwards.
There is a stone staircase leading down here.
There is an open door, spattered with blood here.
Items here: ))) [.
A Hell Sentinel comes into view.
You slash the Hell Sentinel!
The Hell Sentinel is lightly wounded.
Your +4 spectral broad axe hits the Hell Sentinel!
You slice the Hell Sentinel!!
The Hell Sentinel is moderately wounded.
Your +4 spectral broad axe hits the Hell Sentinel but does no damage.
You slice the Hell Sentinel!!
The Hell Sentinel is heavily wounded.
Your +4 spectral broad axe hits the Hell Sentinel but does no damage.
The Hell Sentinel hits you but does no damage.
You block the Hell Sentinel's attack.
You slice the Hell Sentinel like a ripe choko!!!
The Hell Sentinel is severely wounded.
Your +4 spectral broad axe barely misses the Hell Sentinel.
The Hell Sentinel barely misses you. You block the Hell Sentinel's attack.
You slice the Hell Sentinel!!
The Hell Sentinel is almost dead.
Your +4 spectral broad axe hits the Hell Sentinel!
You kill the Hell Sentinel!
Beogh accepts your kill.
No target in view!
Your +4 spectral broad axe disappears.
There is a stone staircase leading up here.
You climb upwards.
There is a stone staircase leading down here.
There is a stone staircase leading up here.
You climb upwards.
There is a stone staircase leading down here.
There is a stone staircase leading up here.
You climb upwards.
Level annotation: Eustachio
There is a stone staircase leading down here.
A chaos spawn comes into view.
The chaos spawn closely misses you.
You slash the chaos spawn!
The chaos spawn is heavily wounded.
Your +4 spectral broad axe hits the chaos spawn!!
You kill the chaos spawn!
Beogh accepts your kill.
The chaos spawn degenerates into a cloud of primal chaos!
No target in view!
No target in view!
Your +4 spectral broad axe disappears.
There is an open door here.
There is a stone staircase leading up here.
You climb upwards.
There is a stone staircase leading down here.
HP restored.
There is an open door here.
There is an escape hatch in the floor here. 3 golden eyes come into view.
The golden eye turns its gaze towards you.
The golden eye moves out of view. x2
There is a stone staircase leading up here.
You climb upwards.
There is a stone staircase leading down here.
There is a stone staircase leading up, spattered with blood here.
You climb upwards.
There is a stone staircase leading down here.
There is a staircase leading out of the dungeon here.
Unknown command.
Enter note: gg You have escaped!

.....#....#....#.##.......))...>.
##)..#...).....#....#............
.....#############.)(..##........
##..........##.###.....###.##.###
#..........##..........##....###
#..........##....#.##...........
#.......................).#...##
############.....#.....#...#..##
############>@##########.....#
#...........(..........#..##..
#...##..##......##..##.#......
#......................#......
#...######......######.#......
#......................#......
#.####################.#......
#.............# #.............
#############.# #......##....#


There were no monsters in sight!

Vanquished Creatures
  A dread lich (Vaults:5)
  3 ancient liches (Depths:2)
  An orb of fire (Zot:2)
  Boris (Depths:1)
  Parghit (Zot:1)
  2 Killer Klowns (Zot:1)
  Saint Roka (Vaults:3)
  A curse toe (Zot:3)
  4 golden dragons
  A caustic shrike (Depths:2)
  A bone dragon (Zot:1)
  An electric golem (Zot:2)
  Jorgrun (Orc:1)
  A Hell Sentinel (D:7)
  11 Orb Guardians
  15 tentacled monstrosities
  An Ice Fiend (Zot:3)
  2 liches (Depths:3)
  3 titans (Vaults:5)
  4 death cobs
  2 deep elf master archers (WizLab)
  4 quicksilver dragons
  11 sphinxes
  5 shadow dragons
  Ilsuiw (Shoals:2)
  3 fenstrider witches (WizLab)
  5 tengu reavers
  6 protean progenitors (Zot:1)
  A thorn hunter (WizLab)
  2 draconian monks
  8 storm dragons
  3 ghost moths
  12 frost giants
  6 fire giants
  3 draconian shifters
  3 draconian knights
  A draconian scorcher (Zot:3)
  4 iron dragons
  11 vault wardens
  2 draconian stormcallers
  10 ironbound preservers
  25 very ugly things
  A juggernaut zombie (Depths:2)
  5 ironbound thunderhulks
  20 stone giants
  A draconian annihilator (Zot:5)
  A formless jellyfish (Vaults:1)
  A deep elf death mage (Vaults:5)
  4 vampire knights
  2 deep elf annihilators (Depths:3)
  2 deep elf demonologists
  An eleionoma (WizLab)
  A dire elephant (Vaults:1)
  7 black draconians
  A minotaur (Gauntlet)
  2 war gargoyles
  10 white draconians
  5 purple draconians
  7 red draconians
  5 yellow draconians
  4 green draconians
  5 spark wasps
  A merfolk javelineer (Shoals:4)
  A shambling mangrove (WizLab)
  9 ettins
  Josephine (D:11)
  12 yaktaur captains
  3 deep elf high priests (Vaults:5)
  3 jiangshi
  2 fire dragons
  16 vault guards
  3 merfolk impalers
  A peacekeeper (Vaults:3)
  3 salamander tyrants
  11 great orbs of eyes
  7 spriggan air magi
  3 entropy weavers
  2 rakshasas
  3 ogre magi
  A hydra (Lair:5)
  Erica (D:10)
  4 anacondas
  7 two-headed ogres
  15 ice dragons
  12 ironbound frosthearts
  12 centaur warriors
  4 boulder beetles
  5 satyrs
  3 deep troll shamans
  2 naga warriors
  8 tengu warriors
  2 vampire magi
  3 hell hogs
  6 naga sharpshooters
  5 death yaks
  An orc high priest (Orc:2)
  6 occultists
  6 spriggans (Depths:1)
  Nergalle (D:10)
  11 spriggan berserkers
  9 sun demons (Depths:1)
  5 shock serpents
  2 fire crabs
  4 skysharks
  10 hell knights
  4 sixfirhies (Gauntlet)
  2 skeletal warriors (D:13)
  Lodul (D:11)
  25 deep trolls
  3 salamander mystics
  2 spark wasp zombies (Depths:1)
  2 flayed ghosts
  2 goliath frogs (Zot:1)
  3 sea snakes
  3 orb spiders (Zot:1)
  7 arcanists
  3 lindwurms
  6 deep elf archers
  11 glowing orange brains
  3 mana vipers
  An orange crystal statue (IceCv)
  2 swamp dragons (Zot:1)
  4 phantasmal warriors
  9 necromancers
  31 harpies
  9 deep elf pyromancers
  11 ironbound convokers
  37 ugly things
  10 fauns
  2 frost giant zombies (Depths:1)
  Maurice (D:11)
  A faun (shapeshifter) (Vaults:5)
  A fire giant zombie (Depths:1)
  18 moths of wrath
  7 salamanders
  2 orc sorcerers (Orc:2)
  A cyclops (D:12)
  An oklob plant (WizLab)
  A shining eye (shapeshifter) (Depths:2)
  5 manticores
  2 kobold blastminers (Orc:1)
  A shining eye (Depths:1)
  3 naga magi
  2 elephants (Lair:1)
  11 vault sentinels
  3 guardian serpents (Snake:4)
  11 black mambas
  2 merfolk sirens (Shoals:3)
  4 torpor snails
  6 cane toads
  A water nymph (Shoals:4)
  A frost giant skeleton (Depths:1)
  Maggie (D:10)
  2 unseen horrors
  A hellion (Depths:1)
  11 rime drakes (IceCv)
  2 yaktaurs (shapeshifter)
  Jeremiah (D:6)
  A freezing wraith (Vaults:5)
  6 komodo dragons
  2 tengu conjurers
  27 yaktaurs
  4 trolls
  3 tyrant leeches
  8 polar bears
  A queen bee (Lair:3)
  A wind drake (shapeshifter) (Depths:2)
  13 hornets
  A queen bee (shapeshifter) (Depths:3)
  10 merfolk
  2 raiju (Lair:5)
  4 blink frogs (Lair:5)
  2 snapping turtles
  A wind drake (Shoals:3)
  30 slime creatures
  10 dream sheep
  A snapping turtle (shapeshifter) (Depths:3)
  A stone giant simulacrum (Depths:1)
  6 wyverns
  An ettin skeleton (Depths:1)
  5 water elementals
  Sigmund (D:4)
  2 vampires
  6 wraiths
  20 yaks
  4 fire elementals (Volcano)
  4 wargs
  A steam dragon (D:7)
  A neqoxec (Gauntlet)
  2 vampire mosquitoes
  3 chaos spawn
  7 nagas
  Menkaure (D:5)
  8 hell hounds
  13 water moccasins
  A sky beast (D:6)
  8 orc warriors
  An ettin simulacrum (Depths:1)
  3 ice beasts
  A redback (shapeshifter) (Vaults:5)
  9 black bears
  3 boggarts (Vaults:1)
  10 ogres
  9 wolves
  9 centaurs
  9 phantoms
  A kobold brigand (D:9)
  4 bullfrogs
  5 scorpions
  15 wights
  13 killer bees
  A howler monkey (D:8)
  2 bombardier beetles
  An electric eel (D:14)
  3 hounds
  3 jellies
  2 centaur zombies (D:8)
  5 orc priests
  6 sleepcaps (D:8)
  2 iguanas
  Terence (D:2)
  Natasha (thrice) (D:1)
  18 orc wizards
  3 scorpion zombies (D:8)
  5 killer bee zombies (D:8)
  Robin (D:2)
  5 gnolls
  9 adders
  9 shadow imps
  A white imp (D:8)
  A dart slug (D:5)
  27 orcs
  5 bats
  8 endoplasms
  2 giant cockroaches (D:3)
  8 hobgoblins
  4 jackals (D:2)
  A quokka (D:4)
  5 ball pythons
  4 frilled lizards
  14 goblins
  9 kobolds
  A rat (D:1)
  3 aspiring fleshes (Zot:1)
  5 spectral weapons (Depths:2)
1282 creatures vanquished.

Vanquished Creatures (collateral kills)
  2 ancient liches (Vaults:5)
  Mara (Snake:3)
  Boris (Vaults:3)
  Vashnia (Snake:3)
  Nikola (Shoals:1)
  2 golden dragons
  Norris (Vaults:1)
  3 tentacled monstrosities
  A lich (Vaults:4)
  2 sphinxes
  A titan (Vaults:5)
  A tengu reaver (Vaults:4)
  Aizul (Snake:2)
  A shadow dragon (Vaults:5)
  3 fire giants (Vaults:5)
  3 nagarajas
  2 deep elf sorcerers
  9 vault wardens
  9 ironbound preservers
  5 ironbound thunderhulks
  2 stone giants (Vaults:5)
  2 formless jellyfish
  3 very ugly things
  A deep elf annihilator (Vaults:5)
  A minotaur (Shoals:4)
  A deep elf death mage (Vaults:5)
  2 dire elephants
  A crystal guardian (Vaults:2)
  3 merfolk impalers
  2 ettins (Vaults:5)
  5 yaktaur captains
  11 vault guards (Vaults:5)
  An ogre mage (D:14)
  2 deep elf high priests (Vaults:5)
  An ice dragon (Lair:5)
  Erolcha (Orc:1)
  4 ironbound frosthearts
  2 hydras
  4 salamander tyrants
  3 peacekeepers
  2 alligator snapping turtles
  2 merfolk avatars
  8 anacondas
  10 centaur warriors
  4 satyrs
  2 merfolk aquamancers (Shoals:4)
  3 two-headed ogres
  A deep troll earth mage (D:15)
  11 death yaks
  3 boulder beetles
  3 tengu warriors
  An orc high priest (Orc:2)
  13 naga sharpshooters
  2 shock serpents (Snake:4)
  13 naga warriors
  A deep elf knight (Vaults:5)
  5 skysharks
  2 skeletal warriors (D:13)
  5 salamander mystics
  A glowing orange brain (D:15)
  11 sea snakes
  A fire crab (Lair:4)
  14 deep trolls
  4 mana vipers
  2 arcanists
  2 naga ritualists
  A phantasmal warrior (Vaults:5)
  5 lindwurms
  12 ironbound convokers
  A harpy (shapeshifter) (D:15)
  21 harpies
  4 ugly things
  16 fauns
  An orc sorcerer (Orc:2)
  6 salamanders
  4 cyclopes
  10 manticores
  4 elephants
  2 guardian serpents (Snake:4)
  7 naga magi
  9 merfolk sirens
  14 black mambas
  2 water nymphs
  2 gargoyles (D:12)
  11 cane toads
  5 torpor snails
  9 vault sentinels
  A cane toad (shapeshifter) (Vaults:5)
  An unseen horror (D:13)
  8 yaktaurs
  8 komodo dragons
  A tengu conjurer (Shoals:1)
  2 trolls
  31 merfolk
  8 polar bears
  A tarantella (shapeshifter) (D:15)
  2 hornets
  8 blink frogs (Lair:5)
  2 wind drakes
  2 snapping turtles (Shoals:1)
  3 raiju (Lair:5)
  17 dream sheep
  2 tyrant leeches (Lair:5)
  17 slime creatures
  2 wraiths
  5 water elementals
  16 yaks
  A wyvern (Lair:4)
  A golden eye (shapeshifter) (D:13)
  2 vampires (D:13)
  A warg (Lair:5)
  2 basilisks
  21 nagas
  A vampire mosquito (D:11)
  An acid dragon (D:12)
  15 water moccasins
  6 hell hounds (Lair:5)
  9 orc warriors
  9 black bears
  14 ogres
  8 wolves
  9 centaurs
  4 bullfrogs
  20 killer bees
  An electric eel (Lair:4)
  A howler monkey (D:11)
  A jelly (Lair:4)
  9 orc priests
  10 orc wizards
  15 orcs
  4 goblins (D:10)
  A butterfly (Lair:2)
677 creatures vanquished.

Vanquished Creatures (others)
  Mlioglotl (Shoals:1)
  Asterion (Depths:2)
  2 orc warlords (Vaults:4)
  A draconian knight (Zot:1)
  An ice dragon (Depths:4)
  A merfolk aquamancer (Shoals:3)
  16 orc knights
  3 orc high priests
  An occultist (Depths:2)
  3 orc sorcerers
  A shadow wraith (Vaults:4)
  A lindwurm (Vaults:2)
  A necromancer (Depths:1)
  30 orc warriors
  A black mamba (Lair:1)
  A water nymph (Shoals:3)
  3 tengu conjurers
  A freezing wraith (Vaults:5)
  A polar bear (IceCv)
  A human (D:5)
  A wolf (Lair:5)
  29 orc priests
  26 orc wizards
  A gnoll (D:5)
  29 orcs
  94 spectral weapons
251 creatures vanquished.

Grand Total: 2210 creatures vanquished

Notes
Turn   | Place    | Note
-------+----------+-------------------------------------------
     0 | D:1      | Flugkiller the Hill Orc Reaver began the quest for the Orb.
     0 | D:1      | Reached XP level 1. HP: 18/18 MP: 3/3
   131 | D:1      | Reached XP level 2. HP: 25/25 MP: 4/4
   323 | D:1      | Reached skill level 1 in Armour
   539 | D:1      | Found a faded altar of an unknown god.
   605 | D:2      | Noticed Natasha
   626 | D:1      | Killed Natasha
   627 | D:1      | Reached XP level 3. HP: 31/31 MP: 5/5
   676 | D:2      | Noticed Terence
   785 | D:2      | Reached skill level 1 in Evocations
   785 | D:2      | Reached XP level 4. HP: 38/38 MP: 6/6
   885 | D:2      | Killed Terence
  1049 | D:2      | Reached skill level 5 in Axes
  1142 | D:2      | Found a broken altar of Ashenzari.
  1188 | D:2      | Noticed Robin
  1215 | D:2      | Killed Robin
  1216 | D:2      | Reached XP level 5. HP: 37/46 MP: 7/7
  1550 | D:3      | Found a sacrificial altar of Ru.
  2094 | D:4      | Found an opulent altar of Gozag.
  2097 | D:4      | Noticed an ice beast
  2176 | D:4      | Became a worshipper of Beogh the Brigand
  2269 | D:4      | Found a staircase to the Ecumenical Temple.
  2288 | D:4      | Noticed Sigmund
  2326 | D:4      | Killed Sigmund
  2327 | D:4      | Reached XP level 6. HP: 47/53 MP: 8/8
  2350 | D:4      | Noticed Eustachio
  2465 | Temple   | Entered the Ecumenical Temple
  3001 | D:4      | Reached XP level 7. HP: 60/60 MP: 9/9
  3231 | D:4      | Reached skill level 5 in Fighting
  3451 | D:4      | Found Iteomecw's Weapon Shop.
  3902 | D:4      | Identified a scroll of acquirement
  3904 | D:4      | Acquired a +4 broad axe of freezing
  3939 | D:5      | Entered Level 5 of the Dungeon
  3985 | D:5      | Reached skill level 1 in Invocations
  4068 | D:5      | Reached XP level 8. HP: 65/70 MP: 10/10
  4384 | D:5      | Reached skill level 5 in Armour
  4440 | D:5      | Found an iron altar of Okawaru.
  4517 | D:5      | Noticed Menkaure
  4523 | D:5      | Killed Menkaure
  4685 | D:5      | Found a burning altar of Makhleb.
  4700 | D:5      | Reached * piety under Beogh
  4780 | D:5      | Found an ancient bone altar of Kikubaaqudgha.
  5030 | D:6      | Reached XP level 9. HP: 68/78 MP: 12/12
  5143 | D:6      | Noticed Jeremiah
  5220 | D:6      | Killed Jeremiah
  5358 | D:6      | Found an ornate altar of the Wu Jian Council.
  5503 | D:6      | Found a bloodstained altar of Trog.
  5743 | D:6      | Reached skill level 10 in Axes
  5744 | D:6      | Found Kown's General Store.
  5748 | D:6      | Bought a potion of heal wounds for 55 gold pieces
  5903 | D:1      | Noticed Natasha
  5906 | D:1      | Found a faded altar of an unknown god.
  5908 | D:1      | Killed Natasha
  5927 | D:1      | Noticed Natasha
  5932 | D:1      | Killed Natasha
  5933 | D:1      | Reached skill level 5 in Invocations
  6394 | D:7      | Found a glowing silver altar of Zin.
  6416 | D:7      | Killed an unseen horror
  6596 | D:7      | Found Barreal's Book Shoppe.
  6626 | D:7      | Found Vudais's Magic Scroll Shop.
  6635 | D:7      | Bought a scroll of revelation for 90 gold pieces
  6635 | D:7      | Bought a scroll of enchant weapon for 90 gold pieces
  6635 | D:7      | Bought a scroll of teleportation for 36 gold pieces
  6833 | D:7      | Reached ** piety under Beogh
  7089 | D:7      | Found Puevir's Weapon Emporium.
  7239 | D:7      | Reached XP level 10. HP: 85/88 MP: 12/14
  7959 | D:8      | Found a radiant altar of Vehumet.
  8153 | D:8      | Reached *** piety under Beogh
  8319 | D:8      | Reached XP level 11. HP: 99/99 MP: 15/15
  8673 | D:8      | Reached skill level 10 in Fighting
  9154 | D:9      | Noticed a two-headed ogre
  9154 | D:9      | Noticed a deep elf pyromancer
  9186 | D:9      | Killed a two-headed ogre
  9235 | D:9      | Noticed a two-headed ogre
  9247 | D:9      | Killed a two-headed ogre
  9247 | D:9      | Reached **** piety under Beogh
  9384 | D:9      | Identified the +0 leather armour of Omikim {rCorr Str+4
                  | Dex+3}
  9713 | D:9      | Killed a deep elf pyromancer
  9714 | D:9      | Reached skill level 15 in Axes
  9873 | D:9      | Found a snail-covered altar of Cheibriados.
  9874 | D:9      | Found a white marble altar of Elyvilon.
  9951 | D:10     | Entered Level 10 of the Dungeon
  9957 | D:10     | Noticed a deep elf pyromancer
  9957 | D:10     | Paralysed by a hornet for 3 turns
  9973 | D:10     | Killed a deep elf pyromancer
 10062 | D:10     | Noticed a two-headed ogre
 10066 | D:10     | Noticed Nergalle
 10069 | D:10     | Noticed a spectral orc warlord
 10069 | D:10     | Killed a two-headed ogre
 10079 | D:10     | Killed Nergalle
 10142 | D:10     | Found a flagged portal.
 10142 | D:10     | Noticed Erica
 10161 | D:10     | Killed Erica
 10189 | D:10     | Identified the +3 halberd of Woe {flame, rN+}
 10198 | Bailey   | Entered a bailey
 10635 | D:10     | Found a stormy altar of Qazlal.
 10661 | D:10     | Noticed Maggie
 10665 | D:10     | Killed Maggie
 10764 | D:10     | Found Amuptounk's Antique Weapon Shop.
 10776 | D:10     | Found a staircase to the Lair.
 10792 | D:10     | Reached skill level 10 in Armour
 10792 | D:10     | Reached XP level 12. HP: 90/110 MP: 11/16
 10847 | D:10     | Found a blossoming altar of Fedhas.
 10847 | D:10     | Noticed Sonja
 10848 | D:10     | Sonja changed into Sonja the centaur
 10848 | D:10     | Noticed Sonja
 10851 | D:10     | Killed Sonja the centaur
 11037 | D:11     | Noticed Maurice
 11042 | D:11     | Maurice stole the +3 halberd of Woe {flame, rN+}
 11043 | D:11     | Killed Maurice
 11086 | D:11     | Noticed Josephine
 11098 | D:11     | Killed Josephine
 11158 | D:11     | Noticed a two-headed ogre
 11164 | D:11     | Killed a two-headed ogre
 11389 | D:11     | Found a portal to a secret trove of treasure.
 11443 | D:11     | Noticed Lodul
 11456 | D:11     | Killed Lodul
 11909 | Lair:1   | Entered Level 1 of the Lair of Beasts
 12016 | Lair:1   | Noticed Urug
 12018 | Lair:1   | Urug changed into Urug the fire crab
 12018 | Lair:1   | Noticed Urug
 12021 | Lair:1   | Noticed a death yak
 12024 | Lair:1   | Killed Urug the fire crab
 12028 | Lair:1   | Noticed a death yak
 12029 | Lair:1   | Noticed a death yak
 12029 | Lair:1   | Killed a death yak
 12031 | Lair:1   | Noticed a death yak
 12033 | Lair:1   | Noticed a death yak
 12036 | Lair:1   | Killed a death yak
 12040 | Lair:1   | Killed a death yak
 12043 | Lair:1   | Killed a death yak
 12043 | Lair:1   | Reached ***** piety under Beogh
 12044 | Lair:1   | Killed a death yak
 12154 | Lair:1   | Identified the +0 mace of Umoh {antimagic, Will- rCorr
                  | Int+2 Dex+6}
 12397 | Lair:1   | Reached XP level 13. HP: 115/122 MP: 15/17
 13098 | Lair:2   | Gained Agrik as an ally
 13372 | Lair:2   | You fall into a shaft and drop 1 floor!
 13383 | Lair:3   | Found a staircase to the Snake Pit.
 13424 | Lair:3   | Identified the +0 flail of Tomorrow {freeze, Will- Int+6
                  | SInv}
 13638 | Lair:3   | Reached ****** piety under Beogh
 13759 | Lair:3   | Found a hazy altar of Hepliaklqana.
 14185 | Lair:4   | Found a dark tunnel.
 14201 | Volcano  | Entered a volcano
 14231 | Volcano  | Reached skill level 15 in Fighting
 14702 | Lair:4   | Found a staircase to the Slime Pits.
 14705 | Lair:4   | Gained Orkrul as an ally
 14722 | Lair:4   | Reached XP level 14. HP: 103/135 MP: 13/18
 15251 | Lair:4   | Reached skill level 15 in Armour
 15635 | Lair:5   | Entered Level 5 of the Lair of Beasts
 15791 | Lair:5   | Gained Borgun as an ally
 15791 | Lair:5   | Gained Bogward as an ally
 16540 | Lair:5   | Reached XP level 15. HP: 142/149 MP: 19/19
 17132 | D:12     | Found Vuppefe's Armour Emporium.
 17134 | D:12     | Found a staircase to the Orcish Mines.
 17507 | D:13     | Reached skill level 5 in Dodging
 17512 | D:13     | Found a gate leading to a gauntlet.
 17525 | Gauntlet | Entered a Gauntlet
 17525 | Gauntlet | Found a transporter.
 17525 | Gauntlet | Found a transporter.
 17528 | Gauntlet | Found a transporter.
 17529 | Gauntlet | Found a transporter.
 17543 | Gauntlet | Found a transporter.
 17543 | Gauntlet | Found the +18 shield of the Gong {Loud rN+ Will+ rCorr
                  | EV-5}
 17545 | Gauntlet | Found a transporter.
 17553 | Gauntlet | Found a transporter.
 17644 | Gauntlet | Found a transporter.
 17645 | Gauntlet | Found a transporter.
 17658 | Gauntlet | Found a transporter.
 17660 | Gauntlet | Found a transporter.
 17668 | Gauntlet | Found a transporter.
 17863 | Gauntlet | Reached skill level 1 in Shields
 17980 | Gauntlet | Identified the +10 rapier of Wyrd {drain, rPois}
 18002 | Gauntlet | Identified the +0 pair of boots of Rykoung {rN+ Stlth+}
 18329 | D:13     | Gained Ugrim as an ally
 18436 | D:13     | Gained Oreg as an ally
 18839 | D:14     | Gained Milork as an ally
 18887 | D:14     | Found a gate to the Vaults.
 19347 | D:15     | Entered Level 15 of the Dungeon
 19611 | D:15     | Reached skill level 5 in Shields
 20017 | D:15     | Found a staircase to the Depths.
 20330 | Snake:1  | Entered Level 1 of the Snake Pit
 20813 | Snake:1  | Found Athruc's Book Shop.
 20813 | Snake:1  | Found Awnyd's Weapon Boutique.
 20813 | Snake:1  | Found Roc Uxik's Antique Armour Shop.
 20814 | Snake:1  | Found Feacs's Distillery.
 20862 | Snake:1  | Reached XP level 16. HP: 47/157 MP: 7/22
 21234 | Snake:1  | Bought a potion of heal wounds for 70 gold pieces
 21234 | Snake:1  | Bought a potion of haste for 140 gold pieces
 21234 | Snake:1  | Bought a potion of cancellation for 112 gold pieces
 22078 | Snake:2  | Identified the serpent talisman of Syndicalism {Str+3}
 22078 | Snake:2  | Noticed Aizul
 22084 | Snake:2  | Killed Aizul
 22370 | Snake:2  | Identified the +7 hand axe of Dried Tears {holy, rF+ rCorr
                  | Dex+6}
 22635 | Snake:3  | Noticed Mara
 22641 | Snake:3  | Noticed Flugkiller's illusion
 22642 | Snake:3  | Killed Mara
 22789 | Snake:3  | Noticed Vashnia
 22811 | Snake:3  | Killed Vashnia
 22812 | Snake:3  | Reached skill level 10 in Shields
 22825 | Snake:3  | Reached skill level 10 in Dodging
 23279 | Snake:3  | Noticed a nagaraja
 23286 | Snake:3  | Killed a nagaraja
 23311 | Snake:3  | Got the Quarto of Destruction and Darkness
 23320 | Snake:3  | Got the Meditations on Supportive Hoarfrost
 23474 | Shoals:1 | Entered Level 1 of the Shoals
 23489 | Shoals:1 | Noticed Nikola
 23505 | Shoals:1 | Killed Nikola
 23508 | Shoals:1 | Noticed Mlioglotl
 23519 | Shoals:1 | Killed Mlioglotl
 24271 | Shoals:2 | Noticed Ilsuiw
 24312 | Shoals:2 | Killed Ilsuiw
 24318 | Shoals:2 | Identified the +6 shortbow of Guudioff {antimagic, Str+3}
 24669 | Shoals:2 | Reached XP level 17. HP: 163/163 MP: 23/23
 25652 | Shoals:3 | Found Acremet's One-of-a-Kind Rings.
 25681 | Shoals:3 | Bought the ring "Dyehik" {^Drain rElec rF+ Will+ Int+5} for
                  | 712 gold pieces
 25777 | Shoals:3 | Found Qyfum's Armour Boutique.
 26165 | Shoals:4 | Entered Level 4 of the Shoals
 26171 | Shoals:4 | Your ally Ugrim died
 26190 | Shoals:4 | Reached skill level 10 in Invocations
 26201 | Shoals:4 | Gained Olfrun as an ally
 26204 | Shoals:4 | Noticed a sphinx
 26214 | Shoals:4 | Killed a sphinx
 26221 | Shoals:4 | Noticed a sphinx
 26224 | Shoals:4 | Killed a sphinx
 26237 | Shoals:4 | Your ally Olfrun died
 26494 | Shoals:4 | Noticed a sphinx
 26502 | Shoals:4 | Killed a sphinx
 26639 | Shoals:4 | Got a barnacled rune of Zot
 26894 | Shoals:4 | Identified the staff "Ziffekligre" {*Corrode Fly Int+3
                  | Stlth+ Conj}
 27195 | Snake:4  | Entered Level 4 of the Snake Pit
 27214 | Snake:4  | Reached skill level 15 in Shields
 27228 | Snake:4  | Found a glacial archway.
 27262 | IceCv    | Entered an ice cave
 27274 | IceCv    | Reached XP level 18. HP: 162/173 MP: 26/26
 28405 | Snake:4  | Your ally Bogward died
 29088 | Snake:4  | Got a serpentine rune of Zot
 29815 | Orc:1    | Entered Level 1 of the Orcish Mines
 29815 | Orc:1    | Noticed Jorgrun
 29815 | Orc:1    | Noticed Erolcha
 29821 | Orc:1    | Killed Jorgrun
 29821 | Orc:1    | Killed Erolcha
 30427 | Orc:2    | Entered Level 2 of the Orcish Mines
 30591 | Orc:2    | Found a staircase to the Elven Halls.
 30805 | Orc:2    | Gained mutation: You sometimes lose your temper in combat.
                  | [a neqoxec]
 30807 | Orc:2    | Gained Orik as an ally
 30825 | Orc:2    | Found Ruuvy's Antique Armour Shoppe.
 30825 | Orc:2    | Found Widix's General Store.
 30829 | Orc:2    | Found Duplo's Book Emporium.
 30829 | Orc:2    | Found Poolurgh's Armour Emporium.
 30999 | Orc:2    | Lost mutation: You sometimes lose your temper in combat.
                  | [potion of mutation]
 30999 | Orc:2    | Gained mutation: You passively map a small area around you.
                  | [potion of mutation]
 30999 | Orc:2    | Gained mutation: You passively dampen the noise of your
                  | surroundings. [potion of mutation]
 31102 | Vaults:1 | Entered Level 1 of the Vaults
 31219 | Vaults:1 | Gained Spirok as an ally
 31228 | Vaults:1 | Your ally Spirok died
 31350 | Vaults:1 | Reached XP level 19. HP: 185/185 MP: 29/29
 31364 | Vaults:1 | Found Kaddypag's Magic Scroll Shop.
 31371 | Vaults:1 | Bought a scroll of blinking for 120 gold pieces
 31371 | Vaults:1 | Bought a scroll of enchant armour for 120 gold pieces
 31549 | Vaults:1 | Gained Urtork as an ally
 31581 | Vaults:1 | Noticed Norris
 31602 | Vaults:1 | Killed Norris
 31606 | Vaults:1 | Gained Ognian as an ally
 31609 | Vaults:1 | Your ally Ognian died
 31610 | Vaults:1 | Reached skill level 15 in Invocations
 31749 | Vaults:1 | Gained Norbak as an ally
 31877 | Vaults:1 | Gained Boghold as an ally
 32283 | Vaults:2 | Gained Boruk as an ally
 32296 | Vaults:2 | Gained Thorok as an ally
 33171 | Vaults:2 | Found Gugin's Jewellery Shoppe.
 33618 | Vaults:3 | Noticed Saint Roka
 33651 | Vaults:3 | Killed Saint Roka
 33825 | Vaults:3 | Noticed Boris
 33836 | Vaults:3 | Your ally Urtork died
 33837 | Vaults:3 | Killed Boris
 33931 | Vaults:3 | Found a magical portal.
 33941 | WizLab   | Entered Eringya's Formal Garden
 34122 | WizLab   | Reached XP level 20. HP: 193/193 MP: 33/33
 34281 | WizLab   | Got Eringya's Enchiridion on Degeneration
 34286 | WizLab   | Got the Thoughts on Cold Transmogrification
 34441 | WizLab   | Found a blossoming altar of Fedhas.
 35738 | Vaults:3 | Found a staircase to the Crypt.
 35738 | Vaults:3 | Found a basalt altar of Yredelemnul.
 35739 | Vaults:3 | Found an ancient bone altar of Kikubaaqudgha.
 35818 | Vaults:3 | Gained Brandogh as an ally
 35844 | Vaults:3 | Your ally Brandogh died
 36776 | Vaults:4 | Found a flickering gateway to a bazaar.
 36783 | Bazaar   | Entered a bazaar
 36787 | Bazaar   | Found Nedant's Jewellery Boutique.
 36809 | Bazaar   | Found Jofraeze's Antique Weapon Emporium.
 36830 | Bazaar   | Found Seti's Book Boutique.
 36846 | Bazaar   | Found Gelami's Antique Armour Shoppe.
 36855 | Bazaar   | Bought a pair of shimmering gloves for 199 gold pieces
 36855 | Bazaar   | Identified the +2 pair of gloves of Wokkoebb {rN+ Str+5}
                  | (You bought it in a shop in a bazaar)
 36867 | Bazaar   | Bought the +3 pair of seven-league boots {Rampage+∞} for
                  | 840 gold pieces
 36867 | Bazaar   | Found the +3 pair of seven-league boots {Rampage+∞}
 37352 | Vaults:4 | Found Owkaf's Weapon Boutique.
 37511 | Vaults:4 | Your ally Norbak died
 37531 | Vaults:4 | Your ally Borgun died
 37553 | Vaults:4 | Your ally Orkrul died
 38166 | Vaults:4 | Reached XP level 21. HP: 174/201 MP: 31/36
 38222 | Vaults:4 | Your ally Thorok died
 38525 | Depths:1 | Entered Level 1 of the Depths
 38679 | Depths:1 | Noticed Boris
 38701 | Depths:1 | Killed Boris
 38826 | Depths:1 | Found Lauzuseq's Jewellery Boutique.
 38826 | Depths:1 | Found Acak's Book Shoppe.
 38828 | Depths:1 | Found Gariteuf's Book Shoppe.
 39123 | Depths:1 | Reached skill level 5 in Evocations
 39762 | Depths:1 | Found Hesel's Armour Shoppe.
 40327 | Depths:1 | Found a sacrificial altar of Ru.
 40388 | Depths:1 | Found a shimmering blue altar of Sif Muna.
 40648 | Depths:1 | Found Qopuzu's Armour Shoppe.
 40738 | Depths:1 | Found a gateway to Hell.
 40866 | Depths:2 | Noticed Asterion
 40947 | Depths:3 | Found a one-way gateway to a ziggurat.
 40983 | Depths:3 | Found a corrupted altar of Lugonu.
 41475 | Depths:3 | Identified the ring "Eraann" {rF+ Int+6 Dex+3 SInv}
 41780 | Depths:3 | Got the Directory of Esoterica
 42003 | Depths:3 | Reached XP level 22. HP: 184/211 MP: 31/38
 42062 | Depths:3 | Noticed a golden dragon
 42117 | Depths:3 | Killed a golden dragon
 42117 | Depths:3 | Gained Bogdar as an ally
 42176 | Depths:3 | Found a one-way gate to the infinite horrors of the Abyss.
 42192 | Depths:3 | Your ally Bogdar died
 42363 | Depths:3 | Reached skill level 10 in Evocations
 42978 | Depths:4 | Entered Level 4 of the Depths
 42981 | Depths:4 | Found Uggacuo's Magic Scroll Shoppe.
 42989 | Depths:4 | Bought a scroll of enchant armour for 127 gold pieces
 42989 | Depths:4 | Bought a scroll of enchant armour for 127 gold pieces
 42989 | Depths:4 | Bought a scroll of revelation for 127 gold pieces
 42989 | Depths:4 | Bought a scroll of fear for 68 gold pieces
 43815 | Depths:4 | Found a gate to the Realm of Zot.
 44645 | Depths:2 | Found a one-way gate leading to the halls of Pandemonium.
 45273 | Depths:2 | Killed Asterion
 45396 | Depths:2 | Gained Borgoth as an ally
 45772 | Depths:2 | Found the +1 cloak of Starlight {*Dazzle EV+4 Stlth--}
 45778 | Depths:2 | Noticed an ancient lich
 45789 | Depths:2 | Your ally Borgoth died
 45931 | Depths:2 | Noticed an ancient lich
 45948 | Depths:2 | Killed an ancient lich
 46357 | Depths:2 | Gained mutation: You occasionally lose the ability to drink
                  | potions when taking damage. [a shining eye]
 46369 | Depths:2 | Noticed a caustic shrike
 46385 | Depths:2 | Killed a caustic shrike
 46693 | Depths:2 | Identified the +3 sling "Jeomosof" {speed, rElec rF+++ rC-
                  | Stlth+}
 46716 | Depths:2 | Killed an ancient lich
 46867 | Depths:2 | Reached XP level 23. HP: 210/223 MP: 36/40
 47110 | Depths:2 | Noticed an ancient lich
 47118 | Depths:2 | Killed an ancient lich
 47528 | Depths:2 | Identified the +0 robe of Space {^Contam rN+ Regen+ Stlth+}
 48002 | Vaults:5 | Entered Level 5 of the Vaults
 48024 | Vaults:5 | Identified the +3 plate armour "Xomnaf" {*Corrode rPois
                  | Int+8 Dex+3}
 48096 | Vaults:5 | Gained Brandogh as an ally
 48104 | Vaults:5 | Noticed a golden dragon
 48110 | Vaults:5 | Your ally Brandogh died
 48114 | Vaults:5 | Killed a golden dragon
 48188 | Vaults:5 | Reached skill level 27 in Invocations
 48478 | Vaults:5 | Your ally Boruk died
 48574 | Vaults:5 | Gained Orkrul as an ally
 48834 | Vaults:5 | Noticed a dread lich
 48844 | Vaults:5 | Killed a dread lich
 48849 | Vaults:5 | Identified the staff of Muwy {rC+ Str+3 Dex+2 Ice}
 48877 | Vaults:5 | Noticed a golden dragon
 48885 | Vaults:5 | Killed a golden dragon
 48984 | Vaults:5 | Your ally Orik died
 49047 | Vaults:5 | Noticed a golden dragon
 49071 | Vaults:5 | Your ally Orkrul died
 49077 | Vaults:5 | Killed a golden dragon
 49310 | Vaults:5 | Found the +6 arbalest "Damnation" {damnation}
 49553 | Vaults:5 | Identified the +3 flail of Fam Xeuluor {antimagic, rC+
                  | Dex+3}
 49598 | Vaults:5 | Identified the staff of the Endless Wishes {rC- Dex+3 Hexes
                  | Earth Alchemy}
 49665 | Vaults:5 | Gained Marbaugh as an ally
 49705 | Vaults:5 | Gained Borgk as an ally
 49706 | Vaults:5 | Reached XP level 24. HP: 212/242 MP: 40/40
 49785 | Vaults:5 | Noticed an ancient lich
 49800 | Vaults:5 | Killed an ancient lich
 49804 | Vaults:5 | Noticed an ancient lich
 49815 | Vaults:5 | Killed an ancient lich
 49824 | Vaults:5 | Got a silver rune of Zot
 50120 | Vaults:5 | Your ally Borgk died
 50132 | Vaults:5 | Your ally Boghold died
 50433 | Vaults:5 | Got Gloorx Vloq's Grimoire of Last Rites
 50434 | Vaults:5 | Identified the +8 falchion of Wrongful Imprisonment {speed,
                  | rC+ SInv}
 50858 | Shoals:3 | Bought the ring of Tvzc {rF+ Will+ Str+2 Slay+5} for 898
                  | gold pieces
 51206 | Zot:1    | Entered Level 1 of the Realm of Zot
 51455 | Zot:1    | Noticed Parghit
 51475 | Zot:1    | Killed Parghit
 51645 | Zot:1    | Lost mutation: You passively dampen the noise of your
                  | surroundings. [potion of mutation]
 51645 | Zot:1    | Lost mutation: You passively map a small area around you.
                  | [potion of mutation]
 51645 | Zot:1    | Gained mutation: You have hidden genetic potential. [potion
                  | of mutation]
 51645 | Zot:1    | Lost mutation: You occasionally lose the ability to drink
                  | potions when taking damage. [potion of mutation]
 51645 | Zot:1    | Gained mutation: You have great hidden genetic potential.
                  | [potion of mutation]
 51645 | Zot:1    | Gained mutation: You are agile. (Dex +4, Str/Int -1)
                  | [potion of mutation]
 52400 | Zot:1    | Noticed a Killer Klown
 52407 | Zot:1    | Killed a Killer Klown
 52454 | Zot:1    | Reached skill level 27 in Fighting
 52472 | Zot:1    | Noticed a Killer Klown
 52484 | Zot:1    | Identified the +9 glaive of Sudden Death {antimagic, rElec}
 52505 | Zot:1    | Killed a Killer Klown
 53008 | Zot:1    | Identified the +2 chain mail of the Bull {rElec rPois rC+}
 53029 | Zot:1    | Identified the +5 chain mail "Peefeziwk" {rElec Str+5}
 53046 | Zot:1    | Identified the +6 shortbow "Hoobihiphol" {drain, Str-3
                  | Dex+6}
 53082 | Zot:1    | Identified the +5 shortbow of the Candelabrum {elec, rPois
                  | Will- Int+6}
 53993 | Zot:2    | Found a transporter.
 54016 | Zot:2    | Noticed an orb of fire
 54027 | Zot:2    | Killed an orb of fire
 54238 | Zot:3    | Noticed a curse toe
 54290 | Zot:3    | Killed a curse toe
 54768 | Zot:3    | Reached XP level 25. HP: 189/257 MP: 29/40
 55102 | Zot:2    | Found a transporter.
 55463 | Zot:5    | Entered Level 5 of the Realm of Zot
 55475 | Zot:5    | Found a transporter.
 55477 | Zot:5    | Found a transporter.
 55488 | Zot:5    | Found a transporter.
 55494 | Zot:5    | Found a transporter.
 55595 | Zot:5    | Found a transporter.
 55602 | Zot:5    | Found a transporter.
 56107 | Zot:5    | Reached skill level 15 in Evocations
 56210 | Zot:5    | Gained mutation: You are very agile. (Dex +8, Str/Int -2)
                  | [hidden potential]
 56273 | Zot:5    | Noticed an orb of fire
 56273 | Zot:5    | Noticed a Killer Klown
 56276 | Zot:5    | Noticed a dread lich
 56276 | Zot:5    | Noticed a Killer Klown
 56276 | Zot:5    | Noticed a Killer Klown
 56281 | Zot:5    | Noticed a Killer Klown
 56281 | Zot:5    | Noticed a Killer Klown
 56284 | Zot:5    | Noticed an orb of fire
 56285 | Zot:5    | Got the Orb of Zot
 56742 | D:1      | gg
 56743 | D:$      | Escaped with the Orb!

Illustrated notes

.....#....#....#.##.......))...>.
##)..#...).....#....#............
.....#############.)(..##........
##..........##.###.....###.##.###
#..........##..........##....###
#..........##....#.##...........
#.......................).#...##
############.....#.....#...#..##
############>@##########.....#
#...........(..........#..##..
#...##..##......##..##.#......
#......................#......
#...######......######.#......
#......................#......
#.####################.#......
#.............# #.............
#############.# #......##....#


Turn 56742 on D:1: gg

Levels and vault maps discovered:
D:1:      dpeg_arrival_line_fractal, layout_rooms,
          shapermc_ecumenical_altar_notcrosses, minmay_pentomino_o4
D:2:      layout_rooms, basic_altar, ebering_dispersal_statue_hall,
          uniq_terence, uniq_robin, uniq_natasha
D:3:      layout_basic, mainiacjoe_overflow_small_starburst
D:4:      layout_loops_corners, mainiacjoe_overflow_concentric_impassable,
          temple_pool_b, serial_shops, nicolae_shop_waterfront,
          hangedman_abyss_or_decor_lesser_grid, uniq_eustachio, uniq_sigmund
D:5:      layout_rooms, tgw_kikubaaqudgha, okawaru_trees_1,
          makhleb_heckhound_becter, uniq_menkaure
D:6:      layout_basic, mainiacjoe_overflow_alcove_4,
          nicolae_overflow_hidden_temple, serial_shops,
          nicolae_shop_pleasant_corner_grove, lightli_orcish_oven, uniq_jeremiah
D:7:      layout_loops_corners, old_standard_altar, serial_shops,
          nicolae_shop_just_a_little_nook, shop, nicolae_shop_hallway_plus,
          kennysheep_minor_cross
D:8:      bobbens_index_wilting_gardens, layout_loops_ring,
          kennysheep_little_box
D:9:      layout_loops_ring, gammafunk_temple_overflow_statue
D:10:     layout_rooms, mainiacjoe_overflow_surrounded_room,
          nicolae_qazlal_general_emergency, david_lair_shrubbed, enter_bailey_5,
          serial_shops, shop, uniq_nergalle, uniq_erica, uniq_sonja, uniq_maggie
D:11:     layout_loops_ring, trove_entry_hex_spiral, uniq_josephine, uniq_lodul,
          uniq_maurice
D:12:     layout_rooms, orc_david_3
D:13:     layout_cave_pods, gauntlet_entry_generic
D:14:     layout_cave_pools, hangedman_vaults_entry_quadrant_bands,
          serial_bayou_shore_a, nicolae_concentric_dashed_squares_mild
D:15:     hellmonk_depths_entry_around_the_bend, layout_layer_cave,
          roderic_lattice_octagonal_star
Temple:   corrupted_temple
Lair:1:   layout_hall_layers, serial_bayou, serial_bayou_pond_e,
          serial_bayou_shore_b, serial_bayou_pond_e, serial_bayou_crossing,
          uniq_urug
Lair:2:   layout_cave_pods, serial_bayou_shore_b, lemuel_fruit_fields
Lair:3:   layout_cellular_growth, nicolae_shoals_entry_flooding,
          minmay_snake_entry_six_corridors, special_room [special_room_bee],
          lemuel_altar_in_water2, infiniplex_staircase_pool_2,
          grunt_megastairs_4
Lair:4:   nzn_winding_woodlands_small [nzn_winding_woodlands_5x15_concentric,
          nzn_winding_woodlands_center_pierced_h,
          nzn_winding_woodlands_5x15_river_crossing], layout_hall_layers,
          minmay_slime_entry_pillars, enter_volcano_2, beast_lair_carwin_5
Lair:5:   wormcave, layout_regular_city, hangedman_lair_caniforms_friends,
          grunt_forest_small_clearings
Shoals:1: nicolae_shoals_aurelia_aurita, layout_shoals, kb_tengu_band,
          uniq_nikola, uniq_mlioglotl
Shoals:2: layout_shoals, nicolae_shoals_shepherds, uniq_ilsuiw
Shoals:3: layout_shoals, serial_shops, nicolae_shop_mannequins,
          nicolae_shop_unique_rings, nicolae_shoals_circle_sea_wall
Shoals:4: shoals_end_hellmonk_lost_city
Snake:1:  layout_chambers, minmay_shoptagon, lemuel_fruit_tree
Snake:2:  layout_misc_corridors, uniq_aizul
Snake:3:  layout_rooms, st_stairs_1, serial_library_hellmonk_metal_room,
          uniq_vashnia, uniq_mara
Snake:4:  snake_pit_salamanders_mu, layout_cave_town,
          portal_ice_cave_entry_pillars_2
Orc:1:    minmay_goldmine, layout_caves, uniq_jorgrun, uniq_erolcha
Orc:2:    st_orc_mages, layout_diamond_mine, mines4_lemuel
Vaults:1: v_alt_pattern_2, nicolae_vaults_stepped_doors,
          nicolae_vaults_triangles, nicolae_vaults_house_1,
          nicolae_vaults_oval_intersection, v_misc_12, v_rooms_4, v_misc_17,
          v_pattern_3, nicolae_vaults_oval_intersection,
          nicolae_vaults_angled_halls, nicolae_vaults_variable_pillar_hall,
          nicolae_vaults_double_plus_2, layout_vaults_maze, serial_shops,
          nicolae_shop_tiny_glass, uniq_norris
Vaults:2: nicolae_vaults_doubleplus_tesselated, ontoclasm_vaults_gateway,
          nicolae_vaults_know_your_exits, nicolae_vaults_turnstiles,
          hangedman_vaults_snaps, v_rooms_5, nicolae_vaults_network_s,
          ontoclasm_vaults_misaligned, ontoclasm_vaults_decontamination,
          nicolae_vaults_mini_display_case, v_misc_14, nicolae_vaults_house_2,
          layout_vaults_chaotic_city, serial_shops,
          nicolae_shop_just_a_little_nook
Vaults:3: mu_enter_wizlab_3, hangedman_vaults_stagger,
          minmay_crypt_entry_necro_gods, nicolae_vaults_door_testing_chamber,
          nicolae_vaults_meiosis, vaults_room_pool,
          nicolae_vaults_shipping_containers_1,
          nicolae_vaults_storage_closets_1, vaults_room_corners, v_misc_10,
          nicolae_vaults_swerve, nicolae_vaults_octothorpe,
          nicolae_vaults_little_squares_4, layout_vaults_big_cross, uniq_boris,
          uniq_saint_roka
Vaults:4: dpeg_vaults_monster_box, nicolae_vaults_offset_grid_hallway_4,
          vaults_dpeg_diagonal, nicolae_vaults_offset_grid_hallway_1,
          vaults_room_boxed, nicolae_vaults_wine_cellar,
          dpeg_vaults_pockets_of_resistance, nicolae_vaults_ring_of_whatevers,
          nicolae_vaults_lightning_bolt, grunt_vaults_twisty,
          nicolae_vaults_specimen_jars, v_misc_19, vaults_room_hallway,
          nicolae_vaults_surprise_closet, layout_vaults_ring, serial_shops,
          bzr_entry_water, shop
Vaults:5
Depths:1: layout_forbidden_donut, serial_glass, glass_columns_a,
          glass_columns_c, glass_columns_a, glass_columns_a, glass_columns_a,
          glass_columns_b, glass_columns_c, glass_columns_c,
          nicolae_hell_entry_hellmouth_sunbeams, lemuel_blue_sif_altar,
          serial_shops, shop, shop, grunt_ministairs_5, serial_bayou_lagoon_a,
          nicolae_ru_the_path_less_chosen, serial_bayou_shore_b,
          minmay_shop_grove, serial_bayou_shore_b
Depths:2: hangedman_pleasuredromes, pan_entry, hell_entry, uniq_asterion
Depths:3: minmay_the_grid_4x2 [minmay_the_grid_box_x,
          minmay_the_grid_holed_spiral, minmay_the_grid_stretched_grid,
          minmay_the_grid_minigrid_small_alt, minmay_the_grid_tri_star,
          minmay_the_grid_spin_star, minmay_the_grid_square_x,
          minmay_the_grid_prize_four_corners_diamond_a], layout_basic,
          enter_ziggurat_d, serial_co_window_serial, co_window_corner_a,
          co_window_of_opportunity_a, co_window_of_opportunity_a,
          co_window_corner_a, co_window_paths_a, co_window_of_opportunity_b,
          co_window_corner_b, co_window_paths_c, co_window_4corner_b,
          glass_columns_a, glass_columns_a, glass_columns_c, glass_columns_a,
          glass_columns_a, abyss_entry, hell_entry, tgw_lugonu_bribe
Depths:4: grunt_zot_entry_tricorne, layout_gridlike, serial_shops,
          nicolae_diamond_shop, hell_entry,
          nicolae_abyss_entry_one_way_or_another, minmay_misc_feat_nine_boxes,
          drop_trap
Zot:1:    layout_gridlike, regret_index_zotdec_silver_v_v_loose,
          hangedman_player_shredder, uniq_parghit
Zot:2:    gammafunk_dig_for_victory, layout_basic, grunt_megastairs_2
Zot:3:    layout_gridlike
Zot:4:    layout_onion_interference, gammafunk_ghost_split,
          hangedman_zot_diagonal_lockstep
Zot:5:    layout_concentric_octagons, serial_nicolae_subway,
          nicolae_sub_station_stone, nicolae_sub_station_crystal,
          nicolae_sub_station_metal

Skill      XL: |  1  2  3  4  5  6  7  8  9 10 11 12 13 14 15 16 17 18 19 20 21 22 23 24 25 |
---------------+----------------------------------------------------------------------------+-----
Armour         | 1 2 3 4 5 6 8 10 11 14 16 17 18 19 | 19.3
Fighting       | 3 4 5 6 8 9 11 13 15 17 18 20 22 25 27 | 27.0
Evocations     | 1 2 3 4 9 12 14 15 | 15.3
Axes           | 5 6 7 9 11 13 16 18 | 18.0
Invocations    | 1 4 6 9 11 14 18 23 24 26 27 | 27.0
Dodging        | 8 11 12 13 14 | 14.0
Shields        | 7 12 15 16 | 16.6
Spellcasting   | |  1.5
Conjurations   | |  3.0

Action                     |  1- 3 |  4- 6 |  7- 9 | 10-12 | 13-15 | 16-18 | 19-21 | 22-24 | 25-27 || total
---------------------------+-------+-------+-------+-------+-------+-------+-------+-------+-------++-------
  Melee: Hand axe          |    79 |    42 |       |       |       |       |       |       |       ||   121
         Dagger            |       |   109 |       |       |       |       |       |       |       ||   109
         Punch             |       |     1 |     2 |     2 |     7 |     2 |       |       |       ||    14
         Whip              |       |    56 |    52 |       |       |       |       |       |       ||   108
         Broad axe         |       |       |   175 |   389 |   543 |   732 |  1187 |  1357 |   113 ||  4496
  Throw: Dart              |       |       |       |     1 |       |     2 |     2 |     1 |       ||     6
 Invoke: Convert to Beogh  |       |     1 |       |       |       |       |       |       |       ||     1
         Smiting           |       |       |     1 |     2 |     4 |    14 |    11 |     6 |       ||    38
         Recall Orcish Fol |       |       |       |     2 |    10 |    14 |     4 |     3 |       ||    33
         Give Item to Name |       |       |       |       |     1 |     1 |       |       |       ||     2
  Evoke: Wand              |     1 |    19 |     2 |    15 |       |    10 |     4 |     6 |       ||    57
         Sack of spiders   |       |       |       |     1 |       |       |       |       |       ||     1
         Phial of floods   |       |       |       |       |       |     1 |       |       |       ||     1
         Lightning rod     |       |       |       |       |       |     2 |       |       |       ||     2
         Phantom mirror    |       |       |       |       |       |     1 |     1 |     2 |       ||     4
    Use: Potion            |     1 |     3 |     2 |     3 |       |    14 |     3 |     9 |     4 ||    39
         Scroll            |     1 |     4 |    11 |     4 |    13 |     6 |     4 |    14 |    10 ||    67
   Stab: Distracted        |       |       |       |     4 |     6 |    16 |    24 |    30 |     4 ||    84
         Paralysed         |       |       |       |     1 |       |     5 |       |       |       ||     6
         Confused          |       |       |       |       |       |       |     3 |     2 |       ||     5
 Armour: Leather armour    |    36 |       |       |       |       |       |       |       |       ||    36
         Chain mail        |    18 |   163 |   151 |       |       |       |       |       |       ||   332
         Plate armour      |       |       |    50 |   390 |   482 |   480 |   539 |   354 |       ||  2295
         Gold dragon scale |       |       |       |       |       |       |       |   428 |    77 ||   505
  Dodge: Dodged            |    61 |    76 |    69 |   114 |   266 |   218 |   360 |   362 |    20 ||  1546
  Block: Kite shield       |       |       |       |       |       |   880 |       |       |       ||   880
         Tower shield      |       |       |       |       |       |   190 |   962 |   859 |    88 ||  2099
